 Dungeon Crawl Stone Soup version 0.22-a0-388-g09e6169 (webtiles) character file.

342 Goblin1989 the Sneak (level 6, 0/30 HPs)
             Began as a Spriggan Enchanter on Apr 28, 2018.
             Slain by an orc warrior
             ... wielding a +3 glaive
              (30 damage)
             ... on level 4 of the Dungeon on Apr 30, 2018.
             The game lasted 00:13:45 (4795 turns).

Goblin1989 the Sneak (Spriggan Enchanter)           Turns: 4795, Time: 00:13:46

Health: 0/30       AC:  2    Str:  4    XL:     6   Next: 30%
Magic:  13/13      EV: 19    Int: 19    God:
Gold:   105        SH:  0    Dex: 16    Spells: 6/13 levels left

rFire    . . .     SeeInvis +   u - +0 short sword (venom)
rCold    . . .     Gourm    .   (shield restricted)
rNeg     . . .     Faith    .   b - +0 robe
rPois    .         Spirit   .   (helmet restricted)
rElec    .         Reflect  .   (no cloak)
rCorr    .         Harm     .   (gloves unavailable)
MR       +....                  (boots unavailable)
Stlth    +.........             (no amulet)
HPRegen  0.10/turn              (no ring)
MPRegen  0.13/turn              (no ring)

@: confused, very quick
A: very small, unfitting armour, see invisible, herbivore, speed 3, slow
metabolism 2
a: no special abilities


You were on level 4 of the Dungeon.
You were not hungry.

You visited 1 branch of the dungeon, and saw 4 of its levels.
You also visited: Sewer.

You collected 105 gold pieces.

Inventory:

Hand Weapons
 a - a +1 dagger
 u - a +0 short sword of venom (weapon)
Armour
 b - a +0 robe (worn)
Jewellery
 k - an uncursed ring of ice
Scrolls
 i - a scroll of blinking {unknown}
 j - 2 scrolls of teleportation {unknown}
 m - a scroll of identify {unknown}
 q - 2 scrolls of fog {unknown}
 s - a scroll of enchant weapon {unknown}
Potions
 f - 2 potions of flight
 g - a potion of cancellation {unknown}
 l - a potion of brilliance {unknown}
 n - 2 potions of heal wounds
 o - 2 potions of magic {unknown}
 p - a potion of curing {unknown}
 r - 2 potions of mutation {unknown}
 t - a potion of degeneration {unknown}


   Skills:
 + Level 1.2 Fighting
 * Level 2.8 Short Blades
 + Level 3.9 Dodging
 + Level 5.9 Stealth
 + Level 4.1 Spellcasting
 * Level 5.9 Hexes


You had 6 spell levels left.
You knew the following spells:

 Your Spells              Type           Power        Failure   Level  Hunger
a - Corona                Hex            ####...      1%          1    None
b - Confusing Touch       Hex            ####..       1%          1    None
x - Confuse               Hex            ####....     3%          3    ###....
z - Ensorcelled Hibernat  Hex/Ice        ###...       6%          2    ##.....


Dungeon Overview and Level Annotations

Branches:
Dungeon (4/15)
 Temple: D:4-7

Altars:
Trog


Innate Abilities, Weirdness & Mutations

You are very small and have problems with some larger weapons.
You are too small for most types of armour.
You have supernaturally acute eyesight. (SInv)
You are a herbivore.
You cover ground extremely quickly.
You need to consume almost no food.


Message History

Press: ? - help, Shift-Dir - straight line, f - jackal
Aim: a jackal (chance to defeat MR: 63%)
The jackal looks drowsy...
You now have 4/13 mp.
The helpless jackal fails to defend itself.
You impale the jackal!!
You kill the jackal!
You start resting.
Casting: Ensorcelled Hibernation (safe; 6% risk of failure)
Confirm with . or Enter, or press ? or * to list all spells.
Aiming: Confuse (safe; 3% risk of failure)
Press: ? - help, Shift-Dir - straight line, f - orc wizard
Aim: an orc wizard, wielding a dagger and wearing a robe (hasn't noticed you, chance to defeat MR: 55%)
The orc wizard shouts!
The orc wizard appears confused.
You now have 2/13 mp.
You see here a jackal corpse.
You barely miss the orc wizard. The orc closely misses you.
The orc wizard completely misses you.
You hit the orc wizard.
The orc wizard is poisoned.
The orc wizard is heavily wounded.
The orc hits you.
You take 5 damage, and have 24/30 hp.
You closely miss the orc. The orc completely misses you.
You closely miss the orc. The orc barely misses you.
You closely miss the orc. The orc closely misses you.
You completely miss the orc. The orc closely misses you.
You barely miss the orc. The orc closely misses you.
You hit the orc.
The orc is poisoned.
The orc is lightly wounded.
The orc barely misses you.
You hit the orc.
You kill the orc!
You see here an orc corpse.
The orc wizard seems less confused.
The orc wizard points at you and mumbles some strange words.
The magic dart hits you!
You take 4 damage, and have 21/30 hp.
You hit the orc wizard but do no damage.
The orc wizard looks even sicker.
The orc wizard is almost dead.
The orc wizard casts a spell.
The orc wizard blinks!
You hit the orc wizard but do no damage.
The orc wizard looks even sicker.
The orc wizard is almost dead.
The orc wizard closely misses you.
You closely miss the orc wizard.
The orc wizard is almost dead.
You kill the orc wizard!
Things that are here:
a dagger; a robe You start resting.
Magic restored.
You start resting.
HP restored.
Health restored: 30; MP restored: 13 You aren't carrying any food.
There is a stone staircase leading down here.
You see here a trident.
Key pressed, stopping explore.
An orc comes into view. It is wielding a flail.
An orc is nearby!
An orc is nearby!
An orc is nearby!
An orc warrior comes into view. It is wielding an enchanted glaive.
You barely miss the orc. The orc hits you with a flail.
You take 1 damage, and have 29/30 hp.
You barely miss the orc. You hit the orc but do no damage.
The orc is poisoned.
The orc hits you but does no damage.
You hit the orc but do no damage. The orc completely misses you.
You hit the orc but do no damage.
The orc looks as sick as possible!
The orc hits you but does no damage.
You closely miss the orc.
The orc is lightly wounded.
The orc misses you.
You hit the orc.
The orc is almost dead.
You kill the orc!
Things that are here:
a flail; a leather armour; an orc corpse; Health restored: 30 An orc wizard comes into view.
It is wielding a dagger.
The orc wizard shouts!
An orc comes into view. It is wielding a short sword.
The orc wizard points at you and mumbles some strange words.
You are confused.
The orc warrior shouts!
The orc shouts!
You are too confused!
You are too confused!
You are too confused!
You are too confused!
You are too confused!
You are too confused!
The orc warrior barely misses you.
You bump into the rock wall.
You bump into the rock wall.
The orc warrior hits you from afar with an enchanted glaive!!
Ouch! That really hurt!
You die... .!.█ .. █████

... .....█ █.. o..█..█
█████...██ █...█..
........ .....██
███.....█ ......██
██...██.█ .......█
██..██@o.███..
.......████.)███.█o.....
................o.......
......█...██████.█......
........█.█ █.█......
......███.█ ... .....
........█.██ ...██████
█....██....██ █..██
███..█████..██..██


You could see an orc warrior, an orc wizard and an orc.

Vanquished Creatures
  Purgy (Sewer)
  Blork the orc (D:4)
  An orc wizard (D:4)
  4 adders
  2 river rats (D:3)
  2 oozes (D:3)
  2 worms (D:3)
  A dart slug (D:3)
  2 leopard geckos
  10 orcs
  2 giant cockroaches
  6 goblins
  5 hobgoblins
  4 jackals (D:4)
  3 ball pythons
  4 bats
  10 frilled lizards
  9 kobolds
  A quokka skeleton (D:4)
  9 rats
79 creatures vanquished.

Notes
Turn   | Place    | Note
-------+----------+-------------------------------------------
     0 | D:1      | Goblin1989 the Spriggan Enchanter began the quest for the Orb.
     0 | D:1      | Reached XP level 1. HP: 9/9 MP: 5/5
   280 | D:1      | Reached XP level 2. HP: 11/13 MP: 6/6
  1207 | D:1      | Learned a level 2 spell: Ensorcelled Hibernation
  1545 | D:2      | Reached skill level 5 in Stealth
  1545 | D:2      | Reached XP level 3. HP: 16/16 MP: 8/8
  1743 | D:2      | Found a bloodstained altar of Trog.
  2466 | D:3      | Found a glowing drain.
  2608 | Sewer    | Entered a sewer
  2677 | Sewer    | Reached skill level 5 in Hexes
  2682 | Sewer    | Learned a level 3 spell: Confuse
  2685 | Sewer    | Learned a level 1 spell: Confusing Touch
  2851 | Sewer    | Reached XP level 4. HP: 21/21 MP: 5/10
  2892 | Sewer    | Noticed Purgy
  2919 | Sewer    | Killed Purgy
  2919 | Sewer    | Reached XP level 5. HP: 24/25 MP: 6/11
  4092 | D:4      | Upgraded the game from 0.22-a0-377-g846bec1 to 0.22-a0-388-g09e6169
  4395 | D:4      | Noticed Blork the orc
  4574 | D:4      | Killed Blork the orc
  4574 | D:4      | Reached skill level 1 in Fighting
  4574 | D:4      | Reached XP level 6. HP: 30/30 MP: 6/13
  4777 | D:4      | Noticed an orc warrior
  4795 | D:4      | Slain by an orc warrior

Vault maps used:
D:1:      lightli_arrival_flooded_house
D:2:      trog_three_pillars_becter
D:3:      portal_sewer_entry_c, minmay_misc_feat_iff
D:4:      nicolae_overflow_hidden_temple, uniq_sigmund, uniq_blork_the_orc,
          uniq_crazy_yiuf_cottage
Sewer:    sewer_co_purgy_island

Skill      XL: |  1  2  3  4  5 |
---------------+----------------+-----
Hexes          | 4 5 |  5.9
Spellcasting   | 3 4 |  4.1
Stealth        | 5 |  5.9
Short Blades   | 2 |  2.8
Fighting       | 1 |  1.2
Dodging        | |  3.9

Action                   |  1- 3 |  4- 6 || total
-------------------------+-------+-------++-------
Melee: Dagger            |   168 |    97 ||   265
       Short sword       |       |    27 ||    27
 Cast: Corona            |    17 |     4 ||    21
       Ensorcelled Hiber |    16 |    13 ||    29
       Confuse           |       |    10 ||    10
  Use: Potion            |       |     3 ||     3
 Stab: Sleeping          |    20 |    13 ||    33
       Confused          |       |     5 ||     5
  Eat: Ration            |     1 |     1 ||     2
Armor: Robe              |    14 |     6 ||    20
Dodge: Dodged            |   127 |   107 ||   234

Table legend:
 A = Spawn XP
 B = Non-spawn XP
 C = Spawn XP percentage of total XP
 D = Spawn monster count
 E = Non-spawn monster count
 F = Spawn count percentage of total count
 G = Total turns spent on level
                    A         B        C        D         E        F      G
               +---------+---------+-------+---------+---------+-------+---------
         Total |       0 |     489 |   0.0 |       0 |      79 |   0.0 |  4795
               +---------+---------+-------+---------+---------+-------+---------
           D:1 |       0 |      31 |   0.0 |       0 |      22 |   0.0 |  1840
           D:2 |       0 |      40 |   0.0 |       0 |      17 |   0.0 |   831
           D:3 |       0 |     112 |   0.0 |       0 |      19 |   0.0 |  1421
           D:4 |       0 |     169 |   0.0 |       0 |      14 |   0.0 |   318
         Sewer |       0 |     137 |   0.0 |       0 |       7 |   0.0 |   385
               +---------+---------+-------+---------+---------+-------+---------

Vault maps used:
D:1:      lightli_arrival_flooded_house
D:2:      trog_three_pillars_becter
D:3:      portal_sewer_entry_c, minmay_misc_feat_iff
D:4:      nicolae_overflow_hidden_temple, uniq_sigmund, uniq_blork_the_orc,
          uniq_crazy_yiuf_cottage
Sewer:    sewer_co_purgy_island
